SL
NORTHERN VIRGINIA RAINBOW MERMAIDS @ SEATTLE AVIATORS
09/03/2027
 
TOP OF THE 1ST
Northern Virginia Rainbow Mermaids batting - Pitching for Seattle Aviators : RHP Roderick Rhodes
Pitching: RHP Roderick Rhodes
Batting: RHB Lionel McCloud 0-0: Swinging Strike
0-1: Ball
1-1: Foul Ball, location: 2F
1-2: SINGLE (Line Drive, 6MD)
Batting: LHB Francisco Ornelas 0-0: Ball
1-0: Called Strike
1-1: Called Strike
1-2: Fly out, F8 (Line Drive, 8LM)
Batting: RHB Brett Callison 0-0: Called Strike
0-1: SINGLE (Groundball, 34D)
Lionel McCloud to second
Runner from 2nd tries for 3rd, SAFE, throw made to third
Batting: RHB Arlen Joysey 0-0: Ball
1-0: SINGLE (Line Drive, 56D)
Lionel McCloud scores
Brett Callison to second
Batting: LHB Roberto Sánchez 0-0: Fielders Choice at 2nd, 3-6 (Groundball, 34)
Brett Callison to third
Batting: RHB Shohei Kiyomizu 0-0: Fly out, F9 (Flyball, 89S)
Top of the 1st over - 1 run(s), 3 hit(s), 0 error(s), 2 left on base; Northern Virginia 1 - Seattle 0
BOTTOM OF THE 1ST
Seattle Aviators batting - Pitching for Northern Virginia Rainbow Mermaids : RHP Natalino Golaio
Pitching: RHP Natalino Golaio
Batting: RHB Ethan Stanford 0-0: Ball
1-0: Foul Ball, location: 2F
1-1: Bunted foul
1-2: Ball
2-2: Fly out, F7 (Flyball, 7D)
Batting: RHB Bobby Christopher 0-0: Called Strike
0-1: Foul Ball, location: 2F
0-2: Strikes out swinging
Batting: LHB Dong-jin Kim 0-0: Ground out U3 (Groundball, 34)
Bottom of the 1st over - 0 run(s), 0 hit(s), 0 error(s), 0 left on base; Northern Virginia 1 - Seattle 0
TOP OF THE 2ND
Northern Virginia Rainbow Mermaids batting - Pitching for Seattle Aviators : RHP Roderick Rhodes
Batting: LHB Preston Witt 0-0: Called Strike
0-1: Ball
1-1: Fly out, F3 (Line Drive, 3)
Batting: LHB Munemori Ohara 0-0: Called Strike
0-1: Foul Ball, location: 2F
0-2: Ball
1-2: Foul Ball, location: 2F
1-2: Ball
2-2: Fly out, F9 (Line Drive, 9)
Batting: RHB Alfredo Pizarro 0-0: Called Strike
0-1: Foul Ball, location: 2F
0-2: Ball
1-2: Strikes out swinging
Top of the 2nd over - 0 run(s), 0 hit(s), 0 error(s), 0 left on base; Northern Virginia 1 - Seattle 0
BOTTOM OF THE 2ND
Seattle Aviators batting - Pitching for Northern Virginia Rainbow Mermaids : RHP Natalino Golaio
Batting: LHB Kenny Webster 0-0: Foul Ball, location: 2F
0-1: Ball
1-1: Swinging Strike
1-2: Ball
2-2: Strikes out swinging
Batting: RHB Seon-keun Kim 0-0: Fly out, F8 (Flyball, 89M)
Batting: SHB Juan Torres 0-0: Called Strike
0-1: Foul Ball, location: 2F
0-2: Ball
1-2: Strikes out swinging
Bottom of the 2nd over - 0 run(s), 0 hit(s), 0 error(s), 0 left on base; Northern Virginia 1 - Seattle 0
TOP OF THE 3RD
Northern Virginia Rainbow Mermaids batting - Pitching for Seattle Aviators : RHP Roderick Rhodes
Batting: RHB Lionel McCloud 0-0: Ball
1-0: Called Strike
1-1: Ball
2-1: Ball
3-1: Base on Balls
Batting: LHB Francisco Ornelas 0-0: Ball
1-0: Called Strike
1-1: Swinging Strike
1-2: Strikes out swinging
Batting: RHB Brett Callison 0-0: SINGLE (Groundball, 34D)
Lionel McCloud to second
Runner from 2nd tries for 3rd, OUT!
Batting: RHB Arlen Joysey 0-0: Ball
1-0: Foul Ball, location: 2F
1-1: Ball
2-1: Fielders Choice at 2nd, 5-4 (Groundball, 5)
Top of the 3rd over - 0 run(s), 1 hit(s), 0 error(s), 0 left on base; Northern Virginia 1 - Seattle 0
BOTTOM OF THE 3RD
Seattle Aviators batting - Pitching for Northern Virginia Rainbow Mermaids : RHP Natalino Golaio
Batting: RHB Jesús Rodríguez 0-0: Foul Ball, location: 2F
0-1: Called Strike
0-2: Strikes out swinging
Batting: RHB Jay Parker 0-0: Ball
1-0: Foul Ball, location: 2F
1-1: Ball
2-1: Reached on error, E5 (Groundball, 56)
Batting: RHB Anthony Johnston 0-0: Ground out 6-3 (Groundball, 6MS)
Jay Parker to third
Batting: RHB Ethan Stanford 0-0: Ball
1-0: Foul Ball, location: 2F
1-1: Swinging Strike
1-2: Foul Ball, location: 2F
1-2: Ball
2-2: Ball
3-2: DOUBLE (Line Drive, 78D)
Jay Parker scores
Batting: RHB Bobby Christopher 0-0: Called Strike
0-1: Foul Ball, location: 2F
0-2: Ball
1-2: Ball
2-2: Ball
3-2: Foul Ball, location: 2F
3-2: Base on Balls
Batting: LHB Dong-jin Kim 0-0: Called Strike
0-1: Foul Ball, location: 2F
0-2: Ball
1-2: Foul Ball, location: 2F
1-2: Ball
2-2: Ground out 3-1 (Groundball, 34)
Bottom of the 3rd over - 1 run(s), 1 hit(s), 1 error(s), 2 left on base; Northern Virginia 1 - Seattle 1
TOP OF THE 4TH
Northern Virginia Rainbow Mermaids batting - Pitching for Seattle Aviators : RHP Roderick Rhodes
Batting: LHB Roberto Sánchez 0-0: Called Strike
0-1: Ball
1-1: Called Strike
1-2: Ground out 5-3 (Groundball, 56S)
Batting: RHB Shohei Kiyomizu 0-0: Ground out 6-3 (Groundball, 56)
Batting: LHB Preston Witt 0-0: Called Strike
0-1: SINGLE (Line Drive, 89S)
Batting: LHB Munemori Ohara 0-0: Foul Ball, location: 2F
0-1: Ball
1-1: Ball
2-1: Ball
3-1: Fielders Choice at 2nd, U6 (Groundball, 6M)
Top of the 4th over - 0 run(s), 1 hit(s), 0 error(s), 1 left on base; Northern Virginia 1 - Seattle 1
BOTTOM OF THE 4TH
Seattle Aviators batting - Pitching for Northern Virginia Rainbow Mermaids : RHP Natalino Golaio
Batting: LHB Kenny Webster 0-0: Ball
1-0: Called Strike
1-1: Swinging Strike
1-2: SINGLE (Line Drive, 89S)
Batting: RHB Seon-keun Kim 0-0: Ball
1-0: Ball
2-0: Swinging Strike
2-1: Ball
3-1: Base on Balls
Kenny Webster to second
Batting: SHB Juan Torres 0-0: Foul Ball, location: 2F
0-1: Called Strike
0-2: Ball
1-2: Strikes out looking
Batting: RHB Jesús Rodríguez 0-0: Called Strike
0-1: Ball
1-1: Fly out, F9 (Flyball, 9LM)
Batting: RHB Jay Parker 0-0: Ball
1-0: Ball
2-0: Called Strike
2-1: Ball
3-1: Base on Balls
Kenny Webster to third
Seon-keun Kim to second
Batting: RHB Anthony Johnston 0-0: Ball
1-0: Fielders Choice at 2nd, 5-4 (Groundball, 56)
Bottom of the 4th over - 0 run(s), 1 hit(s), 0 error(s), 2 left on base; Northern Virginia 1 - Seattle 1
TOP OF THE 5TH
Northern Virginia Rainbow Mermaids batting - Pitching for Seattle Aviators : RHP Roderick Rhodes
Batting: RHB Alfredo Pizarro 0-0: Fly out, F6 (Line Drive, 6)
Batting: RHB Lionel McCloud 0-0: Called Strike
0-1: Foul Ball, location: 2F
0-2: Fly out, F9 (Flyball, 9S)
Batting: LHB Francisco Ornelas 0-0: Called Strike
0-1: Ball
1-1: Fly out, F8 (Flyball, 8RM)
Top of the 5th over - 0 run(s), 0 hit(s), 0 error(s), 0 left on base; Northern Virginia 1 - Seattle 1
BOTTOM OF THE 5TH
Seattle Aviators batting - Pitching for Northern Virginia Rainbow Mermaids : RHP Natalino Golaio
Batting: RHB Ethan Stanford 0-0: Bunt missed!
0-1: Ball
1-1: Called Strike
1-2: Ball
2-2: Strikes out looking
Batting: RHB Bobby Christopher 0-0: Foul Ball, location: 2F
0-1: Fly out, F6 (Line Drive, 6)
Batting: LHB Dong-jin Kim 0-0: Ball
1-0: Foul Ball, location: 2F
1-1: Ground out 4-3 (Groundball, 4)
Bottom of the 5th over - 0 run(s), 0 hit(s), 0 error(s), 0 left on base; Northern Virginia 1 - Seattle 1
TOP OF THE 6TH
Northern Virginia Rainbow Mermaids batting - Pitching for Seattle Aviators : RHP Roderick Rhodes
Batting: RHB Brett Callison 0-0: Ground out 5-3 (Groundball, 56S)
Batting: RHB Arlen Joysey 0-0: Ball
1-0: Foul Ball, location: 2F
1-1: Ball
2-1: SINGLE (Groundball, 6MD)
Batting: LHB Roberto Sánchez 0-0: Foul Ball, location: 2F
0-1: Foul Ball, location: 2F
0-2: Ball
1-2: Ball
2-2: Foul Ball, location: 2F
2-2: Ball
3-2: Strikes out swinging
Batting: RHB Shohei Kiyomizu 0-0: Swinging Strike
0-1: Ball
1-1: Fly out, F7 (Flyball, 78D)
Top of the 6th over - 0 run(s), 1 hit(s), 0 error(s), 1 left on base; Northern Virginia 1 - Seattle 1
BOTTOM OF THE 6TH
Seattle Aviators batting - Pitching for Northern Virginia Rainbow Mermaids : RHP Natalino Golaio
Batting: LHB Kenny Webster 0-0: Called Strike
0-1: Fly out, F4 (Popup, 4)
Batting: RHB Seon-keun Kim 0-0: Ground out 5-3 (Groundball, 56S)
Batting: SHB Juan Torres 0-0: Ground out 6-3 (Groundball, 6)
Bottom of the 6th over - 0 run(s), 0 hit(s), 0 error(s), 0 left on base; Northern Virginia 1 - Seattle 1
TOP OF THE 7TH
Northern Virginia Rainbow Mermaids batting - Pitching for Seattle Aviators : RHP Roderick Rhodes
Batting: LHB Preston Witt 0-0: Fly out, F7 (Line Drive, 7)
Batting: LHB Munemori Ohara 0-0: Fly out, F7 (Flyball, 7)
Batting: RHB Alfredo Pizarro 0-0: SINGLE (Groundball, 5S) (infield hit)
Pinch Hitting: RHB Ed Adams 0-0: Ball
1-0: Fielders Choice at 2nd, 5-4 (Groundball, 56)
Top of the 7th over - 0 run(s), 1 hit(s), 0 error(s), 0 left on base; Northern Virginia 1 - Seattle 1
BOTTOM OF THE 7TH
Seattle Aviators batting - Pitching for Northern Virginia Rainbow Mermaids : RHP Natalino Golaio
Now at 2B: Ed Adams
Batting: RHB Jesús Rodríguez 0-0: Ball
1-0: Foul Ball, location: 2F
1-1: Swinging Strike
1-2: Foul Ball, location: 2F
1-2: Foul Ball, location: 2F
1-2: Strikes out looking
Batting: RHB Jay Parker 0-0: DOUBLE (Groundball, 5L)
Batting: RHB Anthony Johnston 0-0: Ball
1-0: Ground out 5-3 (Groundball, 56S)
Jay Parker to third
Batting: RHB Ethan Stanford 0-0: Foul Ball, location: 2F
0-1: Ball
1-1: Ball
2-1: Foul Ball, location: 2F
2-2: Ground out 5-3 (Groundball, 56)
Bottom of the 7th over - 0 run(s), 1 hit(s), 0 error(s), 1 left on base; Northern Virginia 1 - Seattle 1
TOP OF THE 8TH
Northern Virginia Rainbow Mermaids batting - Pitching for Seattle Aviators : RHP Roderick Rhodes
Batting: LHB Francisco Ornelas 0-0: Ball
1-0: Called Strike
1-1: Swinging Strike
1-2: Ball
2-2: Foul Ball, location: 2F
2-2: Ground out 6-3 (Groundball, 6M)
Batting: RHB Brett Callison 0-0: Foul Ball, location: 2F
0-1: Ball
1-1: Foul Ball, location: 2F
1-2: Fly out, F6 (Popup, 6MS)
Batting: RHB Arlen Joysey 0-0: Ball
1-0: Ball
2-0: Ball
3-0: Called Strike
3-1: Base on Balls
Pitching: RHP Claudio Díaz
Batting: LHB Roberto Sánchez 0-0: Ball
1-0: Ball
2-0: Called Strike
2-1: Swinging Strike
2-2: Foul Ball, location: 2F
2-2: Hit by Pitch
Arlen Joysey to second
Batting: RHB Shohei Kiyomizu 0-0: Ball
1-0: Called Strike
1-1: Fly out, F8 (Flyball, 8RM)
Top of the 8th over - 0 run(s), 0 hit(s), 0 error(s), 2 left on base; Northern Virginia 1 - Seattle 1
BOTTOM OF THE 8TH
Seattle Aviators batting - Pitching for Northern Virginia Rainbow Mermaids : RHP Natalino Golaio
Batting: RHB Bobby Christopher 0-0: Ball
1-0: Called Strike
1-1: DOUBLE (Line Drive, 9LM)
Pitching: RHP David Hudson
Batting: LHB Dong-jin Kim 0-0: Foul Ball, location: 2F
0-1: Ball
1-1: Foul Ball, location: 2F
1-2: Ball
2-2: Foul Ball, location: 2F
2-2: Strikes out swinging
Batting: LHB Kenny Webster 0-0: Intentional Walk
Batting: RHB Seon-keun Kim 0-0: Called Strike
0-1: Foul Ball, location: 2F
0-2: Strikes out swinging
Batting: SHB Juan Torres 0-0: Foul Ball, location: 2F
0-1: Ball
1-1: Ball
2-1: Swinging Strike
2-2: Ball
3-2: Foul Ball, location: 2F
3-2: SINGLE (Flyball, 9LM)
Bobby Christopher to third
Kenny Webster to second
Bobby Christopher scores
Kenny Webster to third
Batting: RHB Jesús Rodríguez 0-0: Ball
1-0: Foul Ball, location: 2F
1-1: Ball
2-1: Ball
3-1: Foul Ball, location: 2F
3-2: Base on Balls
Juan Torres to second
Batting: RHB Jay Parker 0-0: Called Strike
0-1: Ball
1-1: SINGLE (Groundball, 56D)
Kenny Webster scores
Juan Torres to third
Jesús Rodríguez to second
Runner from 3rd tries for Home, throw and OUT!
Bottom of the 8th over - 2 run(s), 3 hit(s), 0 error(s), 2 left on base; Northern Virginia 1 - Seattle 3
TOP OF THE 9TH
Northern Virginia Rainbow Mermaids batting - Pitching for Seattle Aviators : RHP Claudio Díaz
Pitching: RHP Rex Hood
Batting: LHB Preston Witt 0-0: Fly out, F7 (Flyball, 7LSF)
Batting: LHB Munemori Ohara 0-0: Ball
1-0: Ball
2-0: Ball
3-0: Base on Balls
Batting: RHB Alfredo Pizarro 0-0: Foul Ball, location: 2F
0-1: Grounds into double play, 6-4-3 (Groundball, 6)
Top of the 9th over - 0 run(s), 0 hit(s), 0 error(s), 0 left on base; Northern Virginia 1 - Seattle 3
Saturday, May 26th, 2018 - OOTP Baseball 17.12 Build 75